 Dungeon Crawl Stone Soup version 0.27-a0-1290-g15d3ce7508 (webtiles) character file.

Game seed: 3937310738337472722

133 Delamore the Chopper (level 5, 0/42 HPs)
             Began as a Formicid Fighter on June 15, 2021.
             Was a Plaything of Xom.
             Splashed by Ijyb's acid (11 damage)
             ... on level 3 of the Dungeon.
             The game lasted 00:02:54 (3241 turns).

Delamore the Chopper (Formicid Fighter)             Turns: 3241, Time: 00:02:54

Health: 0/42       AC: 10    Str: 19    XL:     5   Next: 40%
Magic:  5/5        EV:  5    Int:  6    God:    Xom [....*.]
Gold:   30         SH: 10    Dex: 10    Spells: 4/4 levels left

rFire    . . .     SeeInvis +   a - +0 war axe
rCold    . . .     Faith    .   c - +1 kite shield
rNeg     . . .     Spirit   .   h - +0 chain mail
rPois    .         Reflect  .   (helmet unavailable)
rElec    .         Harm     .   f - scarf {+Inv}
rCorr    .         Rampage  .   (no gloves)
Will     .....                  (no boots)
Stlth    ..........             (no amulet)
HPRegen  0.14/turn              (no ring)
MPRegen  0.09/turn              (no ring)

@: corroded, unable to read
A: permanent stasis, dig shafts and tunnels, antennae 3, four strong arms,
iridescent scales 2, dopey 1, screaming 1, shaggy fur 1, weak 1, inability to
read while threatened
a: Dig, Shaft Self, Renounce Religion, Evoke Invisibility


You were on level 3 of the Dungeon.
You worshipped Xom.
You were a beloved toy of Xom.
You visited 1 branch of the dungeon, and saw 3 of its levels.

You collected 182 gold pieces.
You spent 152 gold pieces at shops.

Inventory:

Hand Weapons
 a - a +0 war axe (weapon)
Armour
 b - a +0 scale mail
 c - a +1 kite shield (worn)
 f - a scarf of invisibility (worn)
 h - a +0 chain mail (worn)
Jewellery
 i - an amulet of reflection
Scrolls
 k - a scroll of fog
 l - a scroll of magic mapping
 m - a scroll of fear
 o - a scroll of vulnerability
Potions
 d - 2 potions of might
 e - a potion of flight
 g - 3 potions of curing
 j - a potion of brilliance {unknown}
 n - a potion of degeneration {unknown}


   Skills:
 + Level 4.1 Fighting
 * Level 4.6 Axes
 - Level 3.2 Armour
 - Level 3.6 Shields


You had 4 spell levels left.
You didn't know any spells.
Your spell library was empty.

Dungeon Overview and Level Annotations

Branches:
Dungeon (3/15)

Altars:
Wu Jian
Xom

Shops:
D:1 ?   D:3 *?!

Annotations:
D:3 1 runed translucent door, Crazy Yiuf, Ijyb


Innate Abilities, Weirdness & Mutations

You cannot be hasted, slowed, berserked, paralysed or teleported.
You can dig through walls and to a lower floor.
You have a pair of large antennae on your head. (SInv)
Your four strong arms can wield two-handed weapons with a shield.
You are mostly covered in iridescent scales. (AC +4)
You are dopey. (Int -2)
You occasionally shout uncontrollably at your foes.
You are covered in fur. (AC +1)
You are weak. (Str -2)
You sometimes lose the ability to read scrolls when taking damage.


Message History

You block the orc's attack.
You slash the orc!
You kill the orc!
You now have 30 gold pieces (gained 13).
Items here: ))))) [[ ††.
You start resting.
HP restored.
Okay, then.
Ijyb the Twisted Goblin comes into view.
She is wielding a +0 club and carrying a wand of acid (10).
You yell at Ijyb!
Ijyb shouts!
Ijyb is nearby!
Ijyb is nearby!
You hit Ijyb.
Ijyb is moderately wounded.
Ijyb barely misses you.
You hit Ijyb.
Ijyb is moderately wounded.
Ijyb hits you but does no damage.
Your chain mail prevents you from hitting Ijyb.
Ijyb is moderately wounded.
You block Ijyb's attack. Ijyb hits you but does no damage.
You slash Ijyb!
Ijyb is heavily wounded.
Ijyb zaps a wand.
The bolt of acid hits you!!
You are splashed with acid!
You feel threatened and lose the ability to read scrolls!
* * * LOW HITPOINT WARNING * * *
You are too injured to fight recklessly!
You closely miss Ijyb.
Ijyb is heavily wounded.
Ijyb hits you but does no damage. Ijyb barely misses you.
You hit Ijyb.
Ijyb is severely wounded.
You can read scrolls again.
Ijyb zaps a wand.
The bolt of acid hits you.
* * * LOW HITPOINT WARNING * * *
The acid corrodes you!
You are splashed with acid!
You feel threatened and lose the ability to read scrolls!
You die...
Xom giggles madly!

....## ##.#.#######.# #....# #.
.....####....######.<# #....# #.
.....+........†......#####..####.
.....####....#####.......)...#...
....## ##.#.# #.......#.#.##).
...## ###.# ##.....##...###. ..##
#####.#######.........# ## '##
#.........####<######## # .#
#.###.###@##.....# .# #.###.#
#g##.#.#.######### .## #.....#
#.##.#...........# ..### #.#####
#.##.###.#######.# ....#
#.#######.##.# #.# ##.. ....#
#.........##.###.# #...
.#..####.##########.....# #...
.........# ####### #...
##..###### ##..


You could see Ijyb.

Vanquished Creatures
  2 orc priests (D:3)
  2 adders (D:2)
  2 worms (D:2)
  4 orcs (D:3)
  5 ball pythons
  4 endoplasms
  3 giant cockroaches
  A goblin (D:1)
  5 hobgoblins
  3 jackals (D:2)
  2 quokkas (D:2)
  4 bats
  5 frilled lizards
  2 kobolds
  4 rats (D:1)
48 creatures vanquished.

Notes
Turn   | Place    | Note
-------+----------+-------------------------------------------
     0 | D:1      | Delamore the Formicid Fighter began the quest for the Orb.
     0 | D:1      | Reached XP level 1. HP: 18/18 MP: 1/1
   579 | D:1      | Reached XP level 2. HP: 24/24 MP: 2/2
   674 | D:1      | Found Oront's Magic Scroll Boutique.
   725 | D:1      | Bought a scroll of identify for 26 gold pieces
  1104 | D:2      | Reached XP level 3. HP: 30/30 MP: 3/3
  1360 | D:2      | Found a faded altar of an unknown god.
  1399 | D:2      | Became a worshipper of Xom of Chaos
  1501 | D:2      | XOM: cloud trail
  1790 | D:2      | Reached XP level 4. HP: 35/37 MP: 4/4
  2015 | D:2      | XOM: polymorph orc -> jackal
  2025 | D:2      | XOM: scenery: 1 doors open, 2 doors close
  2279 | D:3      | XOM: god gift: 49 gold pieces
  2407 | D:3      | Found a runed translucent door.
  2408 | D:3      | Noticed Crazy Yiuf
  2465 | D:3      | Found Zaor's Magic Scroll Shop.
  2487 | D:3      | Bought a scroll of fog for 28 gold pieces
  2487 | D:3      | Bought a scroll of magic mapping for 49 gold pieces
  2487 | D:3      | Bought a scroll of fear for 49 gold pieces
  2499 | D:3      | Found Digiam's Distillery.
  2580 | D:3      | XOM: god gift: scroll labelled KUAXTU OCYGEES {god gift}
  2586 | D:3      | Found an ornate altar of the Wu Jian Council.
  2644 | D:3      | XOM: give mutations
  2644 | D:3      | Gained mutation: You occasionally shout uncontrollably at
                  | your foes. [Xom's mischief]
  2644 | D:3      | Gained mutation: You are weak. (Str -2) [Xom's mischief]
  2644 | D:3      | Gained mutation: You sometimes lose the ability to read
                  | scrolls when taking damage. [Xom's mischief]
  2644 | D:3      | Gained mutation: You are dopey. (Int -2) [Xom's mischief]
  2714 | D:3      | Found Gissiass's General Store.
  2736 | D:3      | XOM: give mutations
  2736 | D:3      | Gained mutation: You are partially covered in iridescent
                  | scales. (AC +2) [Xom's grace]
  2736 | D:3      | Gained mutation: You are covered in fur. (AC +1) [Xom's
                  | grace]
  2736 | D:3      | Gained mutation: You are mostly covered in iridescent
                  | scales. (AC +4) [Xom's grace]
  2959 | D:3      | XOM: butterfly on damage
  2976 | D:3      | Reached XP level 5. HP: 10/42 MP: 5/5
  3234 | D:3      | Noticed Ijyb
  3241 | D:3      | Splashed by Ijyb's acid

Illustrated notes

Levels and vault maps discovered:
D:1:      pf_arrival_petrified_forest, layout_basic, serial_shops, shop
D:2:      layout_loops_corners, ebering_ecumenical_altar_webs
D:3:      layout_loops_corners, nicolae_wu_jian_wuxing_cycle, serial_shops,
          shop, nicolae_shop_statue_plus, nicolae_shop_statue_plus, uniq_ijyb,
          uniq_crazy_yiuf_cottage

Skill      XL: |  1  2  3  4 |
---------------+-------------+-----
Axes           | 3 4 |  4.6
Fighting       | 4 |  4.1
Armour         | |  3.2
Shields        | |  3.6

Action                   |  1- 3 |  4- 6 || total
-------------------------+-------+-------++-------
Melee: War axe           |   119 |    83 ||   202
 Abil: Dig               |       |     1 ||     1
  Use: Scroll            |     3 |     3 ||     6
Armor: Scale mail        |    37 |       ||    37
       Chain mail        |    13 |    47 ||    60
Dodge: Dodged            |    34 |    20 ||    54
Block: Kite shield       |    55 |    53 ||   108

Table legend: (Time is in decaauts)
 A = Elapsed time spent in this place.
 B = Non-inter-level travel time spent in this place.
 C = Inter-level travel time spent in this place.
 D = Time resting spent in this place.
 E = Time spent auto-exploring this place.
 F = Levels seen in this place.
 G = Mean time per level.
                   A        B        C        D        E       F      G
               +--------+--------+--------+--------+--------+-----+--------+
         Total |   3345 |   3249 |     96 |    393 |   2366 |   3 | 1115.0 |
       Dungeon |   3345 |   3249 |     96 |    393 |   2366 |   3 | 1115.0 |
               +--------+--------+--------+--------+--------+-----+--------+

Top non-repeatable levels by time:
     D:2: 1215 daAuts
     D:1: 1118 daAuts
     D:3: 1012 daAuts
